 Dungeon Crawl Stone Soup version 0.19.3-4-gbf9329e (console) character file.

12702 Kloppie the Fighter (level 11, -4/145 HPs)
             Began as a Demonspawn Berserker on Jan 28, 2017.
             Was a High Priest of Trog.
             Slain by a yak (11 damage)
             ... on level 1 of the Lair of Beasts.
             The game lasted 00:12:20 (8652 turns).

Kloppie the Fighter (Demonspawn Berserker)          Turns: 8652, Time: 00:12:20

Health: -4/145     AC: 14    Str: 23    XL:     11   Next: 65%
Magic:  11/11      EV: 14    Int:  9    God:    Trog [*****.]
Gold:   459        SH:  4    Dex: 15    Spells: 0 memorised, 10 levels left

rFire  . . .     SeeInvis .     a - +1 war axe (elec)
rCold  + + .     Gourm    .     p - +2 scale mail {rC+}
rNeg   . . .     Faith    .     (no shield)
rPois  .         Spirit   .     d - +1 helmet
rElec  .         Reflect  .     u - +1 cloak
rCorr  .         Harm     .     (no gloves)
MR     +....                    (no boots)
Stlth  ..........               (no amulet)
                                n - +3 ring of evasion
                                F - ring of protection from magic

@: berserking, lethally poisoned (-4 -> -6), very quick
A: talons 1, large bone plates 1, cold resistance 1, spiny 3, freezing cloud
immunity
a: Berserk, Trog's Hand, Brothers in Arms, Burn Spellbooks, Renounce Religion


You were on level 1 of the Lair of Beasts.
You worshipped Trog.
Trog was extremely pleased with you.
You were very hungry.

You visited 2 branches of the dungeon, and saw 11 of its levels.

You collected 684 gold pieces.
You spent 225 gold pieces at shops.

Inventory:

Hand Weapons
 a - a +1 war axe of electrocution (weapon)
 b - a +3 scimitar of flaming
Armour
 d - a +1 helmet (worn)
 p - a +2 scale mail of cold resistance (worn)
 u - a +1 cloak (worn)
 E - a +0 large shield
Jewellery
 h - an uncursed ring of protection from fire
 n - a +3 ring of evasion (right hand)
 w - a +6 ring of strength
 F - a ring of protection from magic (left hand)
Wands
 f - a wand of hasting (3/9)
 m - a wand of teleportation (4/9)
 r - a wand of random effects (38/48)
 y - a wand of iceblast (5/15)
Scrolls
 e - 11 scrolls of remove curse
 g - 2 scrolls of fear
 j - 7 scrolls of identify
 k - 6 scrolls of teleportation
 q - a scroll of enchant armour
 B - a scroll of blinking
Potions
 s - a potion of flight
 t - a potion of lignification
 x - a potion of ambrosia
 D - a potion of magic
Books
 v - a Grand Grimoire

   Spells                             Type                      Level
   a - Monstrous Menagerie            Summoning                    7
   b - Summon Greater Demon           Summoning                    7
   c - Malign Gateway                 Summoning/Translocation      7
   d - Summon Horrible Things         Summoning                    8
   Trog disapproves of the use of such an item.
Comestibles
 c - 6 bread rations
 i - 10 slices of pizza
 l - 6 beef jerkies
 o - 14 chunks of flesh
 A - 4 fruits
 C - 6 meat rations


   Skills:
 * Level 12.9 Fighting
 + Level 10.4 Axes
 - Level 8.0 Armour
 - Level 1.7 Dodging


You had 10 spell levels left.
You didn't know any spells.

Dungeon Overview and Level Annotations

Branches:
Dungeon (10/15)            Temple (0/1) D:7            Lair (1/6) D:9
    Orc (0/2) D:10

Altars:
Ashenzari
Dithmenos
Fedhas
Kikubaaqudgha
Makhleb
Okawaru
Qazlal
Ru
Vehumet
Xom
The Shining One

Shops:
D:4 }   D:5 [   D:7 =


Innate Abilities, Weirdness & Mutations

You have sharp toenails.
You are partially covered in large bone plates. (SH +4)
Your flesh is cold resistant. (rC+)
You are completely covered in sharp spines.
You are immune to freezing clouds.


Message History

You feel sick.
You slash the crocodile!
There is a sudden explosion of sparks!
The crocodile is severely wounded.
You slash the porcupine! The porcupine is struck by your spines.
You kill the porcupine!
Trog accepts your kill. The crocodile misses you.
You barely miss the crocodile. You claw the crocodile.
The crocodile is almost dead.
You feel sick.
You barely miss the crocodile. Your kick misses the crocodile.
The crocodile is almost dead.
The crocodile bites you!
* * * LOW HITPOINT WARNING * * *
You slash the crocodile!
There is a sudden explosion of sparks!
You kill the crocodile!
Trog accepts your kill.
You feel sick. The yak is struck by your spines. The yak gores you!
You die...

<.# . ###....♣.....
...# #. #...........
#.....
#..##..†.#.F.#.
.#..#P#
#.#...†.##...## .
....#
#...♣.##.#....##....
...## #P#...#
##......##.. .... #
##.## #..........#
..[. #Y.# #...# .....
###@#####...#......
##P#.#.##P...#......
##...†.####..........
##.........P...##....
#..............# ...
##..............# .
##............(..#
#................#
##...............##


You could see a yak.

Vanquished Creatures
  Snorg (D:10)
  Harold (D:10)
  A hydra (Lair:1)
  Erica (D:10)
  The ghost of Kloppie the Cleaver, a novice DsBe of Trog (D:10)
  Pikel (D:4)
  Joseph (D:7)
  A spiny frog (Lair:1)
  A komodo dragon (Lair:1)
  A human (D:8)
  4 hogs (D:8)
  11 yaks (Lair:1)
  2 hungry ghosts
  A steam dragon (D:10)
  2 hell hounds (D:9)
  4 water moccasins
  2 porcupines (Lair:1)
  4 orc warriors
  Duvessa (D:7)
  An ice beast (D:8)
  2 sky beasts
  2 black bears
  4 ogres
  3 necrophages
  A centaur (D:7)
  4 crocodiles
  5 bullfrogs
  A gnoll sergeant (D:8)
  Dowan (D:7)
  A wyvern skeleton (D:10)
  2 scorpions
  11 killer bees
  3 howler monkeys
  3 crimson imps
  A centaur zombie (D:10)
  A quasit (D:9)
  4 jellies
  3 orc priests
  2 hounds
  A bullfrog skeleton (D:9)
  A centaur skeleton (D:7)
  A gnoll shaman (D:5)
  8 orc wizards
  Terence (D:2)
  An iguana (D:7)
  4 worker ants
  Natasha (thrice) (D:4)
  2 hound zombies
  A howler monkey zombie (D:10)
  2 worker ant zombies (D:9)
  A howler monkey skeleton (D:6)
  16 gnolls
  8 adders
  A shadow imp (D:7)
  2 oozes
  An adder skeleton (D:9)
  A worm (D:6)
  2 dart slugs
  5 leopard geckos
  37 orcs
  2 ball pythons
  8 bats
  4 giant cockroaches
  6 goblins
  6 hobgoblins
  4 jackals (D:3)
  7 kobolds
  3 frilled lizards
  A quokka skeleton (D:4)
  4 rats
240 creatures vanquished.

Vanquished Creatures (others)
  An orc wizard (D:9)
  A bat (D:4)
2 creatures vanquished.

Grand Total: 242 creatures vanquished

Notes
Turn   | Place    | Note
-------+----------+-------------------------------------------
     0 | D:1      | Kloppie the Demonspawn Berserker began the quest for the Orb.
     0 | D:1      | Reached XP level 1. HP: 18/18 MP: 1/1
   211 | D:1      | Gained mutation: You are partially covered in sharp spines. [demonic ancestry]
   211 | D:1      | Reached XP level 2. HP: 22/24 MP: 2/2
   869 | D:2      | Found an iron altar of Okawaru.
   989 | D:2      | Reached ** piety under Trog
   994 | D:2      | Gained mutation: Your flesh is cold resistant. (rC+) [demonic ancestry]
   994 | D:2      | Reached XP level 3. HP: 23/30 MP: 3/3
  1089 | D:2      | Reached skill level 4 in Fighting
  1102 | D:2      | Found a radiant altar of Vehumet.
  1216 | D:2      | Found a shattered altar of Ashenzari.
  1366 | D:2      | Noticed Terence
  1378 | D:2      | Killed Terence
  1378 | D:2      | Reached XP level 4. HP: 29/38 MP: 4/4
  1988 | D:3      | Found a shimmering altar of Xom.
  1989 | D:3      | Found a burning altar of Makhleb.
  2366 | D:3      | Reached skill level 5 in Fighting
  2366 | D:3      | Reached XP level 5. HP: 39/44 MP: 5/5
  2649 | D:4      | Noticed Natasha
  2656 | D:4      | Killed Natasha
  2681 | D:4      | Noticed Natasha
  2687 | D:4      | Killed Natasha
  2687 | D:4      | Gained mutation: You are mostly covered in sharp spines. [demonic ancestry]
  2687 | D:4      | Reached XP level 6. HP: 38/52 MP: 6/6
  2773 | D:4      | Found Kunol's Gadget Emporium.
  2806 | D:4      | Noticed Natasha
  2812 | D:4      | Killed Natasha
  2825 | D:4      | Noticed a slave
  2826 | D:4      | Noticed Pikel
  2826 | D:4      | Noticed a slave
  2826 | D:4      | Noticed a slave
  2826 | D:4      | Noticed a slave
  2853 | D:4      | Killed Pikel
  2853 | D:4      | Reached skill level 7 in Fighting
  2853 | D:4      | Reached skill level 5 in Axes
  2853 | D:4      | Gained mutation: You are completely covered in sharp spines. [demonic ancestry]
  2853 | D:4      | Reached XP level 7. HP: 6/60 MP: 7/7
  3383 | D:5      | Entered Level 5 of the Dungeon
  3464 | D:5      | Reached *** piety under Trog
  3596 | D:5      | Found Niunnax's Antique Armour Emporium.
  3604 | D:5      | Bought a runed cloak for 199 gold pieces
  3721 | D:5      | Found a stormy altar of Qazlal.
  3862 | D:5      | Gained mutation: You have sharp toenails. [demonic ancestry]
  3862 | D:5      | Reached XP level 8. HP: 67/67 MP: 8/8
  4208 | D:6      | Found an ancient bone altar of Kikubaaqudgha.
  4208 | D:6      | Found a faded altar of an unknown god.
  4213 | D:6      | Found a faded altar of an unknown god.
  4215 | D:6      | Found a faded altar of an unknown god.
  4217 | D:6      | Found a faded altar of an unknown god.
  4807 | D:7      | Reached skill level 5 in Armour
  4832 | D:7      | Reached **** piety under Trog
  5057 | D:7      | Gained mutation: You are immune to freezing clouds. [demonic ancestry]
  5057 | D:7      | Reached XP level 9. HP: 72/72 MP: 9/9
  5085 | D:7      | Found a shadowy altar of Dithmenos.
  5087 | D:7      | Found a sacrificial altar of Ru.
  5181 | D:7      | Found a staircase to the Ecumenical Temple.
  5244 | D:7      | Found Umedooz's Jewellery Shop.
  5250 | D:7      | Bought a cursed -3 ring of intelligence for 26 gold pieces
  5252 | D:7      | Gained mutation: You are partially covered in large bone plates. (SH +4) [potion of beneficial mutation]
  5280 | D:7      | Noticed Dowan
  5281 | D:7      | Noticed Duvessa
  5293 | D:7      | Killed Duvessa
  5295 | D:7      | Killed Dowan
  5300 | D:7      | Lost mutation: You are partially covered in large bone plates. (SH +4) [potion of cure mutation]
  5309 | D:7      | Noticed Joseph
  5327 | D:7      | Killed Joseph
  5728 | D:8      | Reached skill level 8 in Fighting
  5773 | D:8      | Reached ***** piety under Trog
  5877 | D:8      | Reached XP level 10. HP: 75/82 MP: 10/10
  6024 | D:8      | Reached skill level 9 in Fighting
  6437 | D:9      | Found a staircase to the Lair.
  6649 | D:9      | Found a blossoming altar of Fedhas.
  6781 | D:9      | Found a glowing golden altar of the Shining One.
  6975 | D:5      | Got a bloodstained rapier
  6976 | D:5      | Identified the +3 rapier of Neurosis {venom, rC- Str+3 Int+8} (You found it on level 5 of the Dungeon)
  7043 | D:10     | Entered Level 10 of the Dungeon
  7122 | D:10     | Found a staircase to the Orcish Mines.
  7129 | D:10     | Reached skill level 10 in Fighting
  7135 | D:10     | Received a gift from Trog
  7329 | D:10     | Noticed Harold
  7345 | D:10     | Killed Harold
  7405 | D:10     | Noticed Snorg
  7418 | D:10     | Killed Snorg
  7418 | D:10     | Reached skill level 11 in Fighting
  7451 | D:10     | Noticed Erica
  7470 | D:10     | Killed Erica
  7470 | D:10     | Gained mutation: You are partially covered in large bone plates. (SH +4) [demonic ancestry]
  7470 | D:10     | Reached XP level 11. HP: 73/93 MP: 11/11
  7897 | D:10     | Noticed Kloppie's ghost (novice DsBe)
  7908 | D:10     | Killed Kloppie's ghost
  8271 | Lair:1   | Entered Level 1 of the Lair of Beasts
  8473 | Lair:1   | Reached skill level 12 in Fighting
  8476 | Lair:1   | Reached skill level 10 in Axes
  8495 | Lair:1   | Found a shimmering altar of Xom.
  8553 | Lair:1   | Noticed a six-headed hydra
  8583 | Lair:1   | Killed a one-headed hydra
  8651 | Lair:1   | HP: 7/145 [poisoned by a spiny frog]
  8652 | Lair:1   | Slain by a yak

Skill      XL: |  1  2  3  4  5  6  7  8  9 10 11 |
---------------+----------------------------------+-----
Axes           | 3 4 5 6 8 9 10 | 10.4
Fighting       | 4 5 7 8 11 12 | 12.9
Armour         | 3 6 8 |  8.0
Dodging        | |  1.7

Action                   |  1- 3 |  4- 6 |  7- 9 | 10-12 || total
-------------------------+-------+-------+-------+-------++-------
Melee: Hand axe          |    98 |    95 |   228 |   109 ||   530
       Kick              |       |       |    71 |    88 ||   159
       War axe           |       |       |       |   128 ||   128
       Scimitar          |       |       |       |     5 ||     5
Invok: Berserk           |     1 |     2 |     4 |     6 ||    13
       Trog's Hand       |       |       |     1 |     1 ||     2
  Use: Scroll            |     3 |       |     5 |     4 ||    12
       Potion            |       |     4 |     5 |     1 ||    10
 Stab: Sleeping          |     1 |       |       |       ||     1
  Eat: Chunk             |     1 |     7 |     5 |    12 ||    25
       Bread ration      |       |       |     3 |       ||     3
       Royal jelly       |       |       |       |     1 ||     1
Armor: Animal skin       |    16 |       |       |       ||    16
       Leather armour    |    13 |       |       |       ||    13
       Scale mail        |       |    22 |    84 |    89 ||   195
Dodge: Dodged            |    54 |    55 |   141 |   165 ||   415
Block: Other             |       |       |     1 |    16 ||    17
       Rpst.: Scimitar   |       |       |       |     1 ||     1
